 Dungeon Crawl Stone Soup version 0.13-a0-3016-gcb2faac (webtiles) character file.

173 PolkaDot the Ruinous (level 4, -4/28 HPs)
             Began as a Vampire Wizard on Sept 13, 2013.
             Was an Initiate of Vehumet.
             Slain by an orc
             ... wielding a cursed -1,-3 orcish hand axe
              (8 damage)
             ... on Level 2 of the Dungeon.
             The game lasted 00:07:23 (2026 turns).

PolkaDot the Ruinous (Vampire Wizard)               Turns: 2026, Time: 00:07:23

HP  -4/28        AC  2     Str  6      XL: 4   Next: 35%
MP   8/12        EV 12     Int 21      God: Vehumet [......]
Gold 81          SH  0     Dex 12      Spells:  3 memorised,  2 levels left

Res.Fire  : . . .   See Invis. : +   l - +1,+0 dwarf short sword
Res.Cold  : . . .   Warding    : .   a - +0 robe
Life Prot.: . . .   Conserve   : .   (no shield)
Res.Poison: .       Res.Corr.  : .   b - +0 wizard hat
Res.Elec. : .       Clarity    : .   (no cloak)
Sust.Abil.: . .     Spirit.Shd : .   (no gloves)
Res.Mut.  : .       Stasis     : .   (no boots)
Res.Rott. : .       Flight     : .   (no amulet)
Saprovore : . . .                    (no ring)
                                     (no ring)

@: regenerating quickly, slightly resistant to hostile enchantments, stealthy
A: fangs 3, see invisible, unbreathing
a: Renounce Religion


You were on level 2 of the Dungeon.
You worshipped Vehumet.
Vehumet was noncommittal.
You were very full.

You visited 1 branch of the dungeon, and saw 3 of its levels.

You collected 61 gold pieces.

Inventory:

Hand weapons
 l - a +1,+0 dwarven short sword (weapon)
Armour
 a - a +0 robe (worn)
 b - a +0 wizard hat (worn)
Scrolls
 d - a scroll of recharging {unknown}
 f - a scroll of fog {unknown}
 g - 2 scrolls of identify {unknown}
 h - 2 scrolls of teleportation {unknown}
 j - 4 scrolls of enchant armour {unknown}
 k - 6 scrolls of remove curse {unknown}
 n - a scroll of curse weapon {unknown}
Jewellery
 i - an uncursed ring of ice
Potions
 e - 2 potions of slowing {unknown}
 m - a potion of might {unknown}
Books
 c - a book of Minor Magic

   Spells                             Type                      Level
   *Magic Dart                        Conjuration                  1
   Blink                              Translocation                2
   Call Imp                           Summoning                    2
   Repel Missiles                     Charms/Air                   2
   Slow                               Hexes                        2
   *Conjure Flame                     Conjuration/Fire             3
   *Mephitic Cloud                    Conjuration/Poison/Air       3


   Skills:
 - Level 2.1 Dodging
 - Level 3.0 Stealth
 - Level 3.0 Spellcasting
 * Level 3.1 Conjurations
   Level 1.0 Summonings
   Level 0.7 Translocations


You had 2 spell levels left.
You knew the following spells:

 Your Spells              Type           Power        Failure   Level  Hunger
a - Magic Dart            Conj           ###.         4%          1    None
d - Mephitic Cloud        Conj/Pois/Air  #.......     30%         3    ###....
s - Conjure Flame         Conj/Fire      #.......     24%         3    ###....


Dungeon Overview and Level Annotations

Branches:
Dungeon (3/27)

Altars:
Cheibriados
Elyvilon
Okawaru
Vehumet


Innate Abilities, Weirdness & Mutations

Your natural rate of healing is unusually fast.
You have razor-sharp teeth.*
You have supernaturally acute eyesight.
You can survive without breathing.*


Message History

The orc hits you with an orcish falchion!
The orc hits you with an orcish club.
There is a stone staircase leading up here.
The orc hits you with an orcish hand axe.
The orc hits you with an orcish falchion.
The orc hits you with an orcish club.
* * * LOW HITPOINT WARNING * * *
You climb upwards.
There is a stone staircase leading down here.
Casting: Magic Dart
Confirm with . or Enter, or press ? or * to list all spells.
Aiming: Mephitic Cloud
Press: ? - help, Shift-Dir - straight line, f - orc
Aim: an orc, wielding an orcish club The beam explodes into a vile cloud!
The stinking cloud engulfs the orc.
The stinking cloud engulfs the orc.
The stinking cloud engulfs you!
* * * LOW HITPOINT WARNING * * *
The orc hits you with an orcish hand axe!
You die...

.......#
#.........#.......####
.......# #...########..>##.#
######## #..(# ##.....#.# #
#.#.# #........# #
########...# ##.....#.#### #
#........%.# ####.........# #
#.#####.#.## #.......####.# #
##...)...#.#### #.###.....##.#
#
#.....#.....o@###.###...#.....
##.##.#..#)#oo#......#.#####.#
#.##......§.§..#.##.#.#####.#
#..(....#.#..###............#
####.####.......#
####.#########
#....%..........# ##<####
#.##.##.#....(..# #.....#
#.......#.......# #.....#
#.##.##.#.......# #.....#


You could see 3 orcs.

Vanquished Creatures
  Jessica (D:2)
  2 adders (D:2)
  A giant mite (D:2)
  A worm (D:2)
  3 giant geckos (D:1)
  An orc (D:2)
  2 giant cockroaches
  3 hobgoblins
  5 kobolds
  7 bats
  3 giant newts
  4 goblins
  4 jackals (D:2)
  6 rats
43 creatures vanquished.

Notes
Turn   | Place    | Note
--------------------------------------------------------------
     0 | D:1      | PolkaDot, the Vampire Wizard, began the quest for the Orb.
     0 | D:1      | Reached XP level 1. HP: 11/11 MP: 6/6
   147 | D:1      | Reached skill level 1 in Conjurations
   476 | D:1      | Reached XP level 2. HP: 17/17 MP: 5/8
   943 | D:2      | Reached XP level 3. HP: 15/22 MP: 1/10
  1500 | D:2      | Reached XP level 4. HP: 28/28 MP: 8/12
  1579 | D:2      | Found an iron altar of Okawaru.
  1651 | D:2      | Noticed Jessica
  1663 | D:2      | Killed Jessica
  1669 | D:2      | Learned a level 3 spell: Conjure Flame
  1673 | D:2      | Learned a level 3 spell: Mephitic Cloud
  1780 | D:2      | Found a snail-covered altar of Cheibriados.
  1785 | D:2      | Found a white marble altar of Elyvilon.
  1785 | D:2      | Found a radiant altar of Vehumet.
  1795 | D:2      | Became a worshipper of Vehumet
  2026 | D:2      | Slain by an orc

Action                   |  1- 3 |  4- 6 || total
-------------------------+-------+-------++-------
Melee: Unarmed           |    11 |       ||    11
 Cast: Magic Dart        |   102 |    19 ||   121
       Mephitic Cloud    |       |     1 ||     1
  Use: Potion            |     1 |       ||     1
